 Dungeon Crawl Stone Soup version 0.15.0-18-g9076a4f (webtiles) character file.

72 Kashira the Sneak (level 4, -3/36 HPs)
             Began as a Naga Enchanter on Sept 7, 2014.
             Slain by Crazy Yiuf
             ... wielding a +2 quarterstaff of chaos
              (12 damage)
             ... on Level 2 of the Dungeon.
             The game lasted 00:08:13 (2205 turns).

Kashira the Sneak (Naga Enchanter)                  Turns: 2205, Time: 00:08:13

HP  -3/36        AC  3     Str 10      XL: 4   Next: 26%
MP   1/8         EV 10     Int 15      God:
Gold 94          SH  0     Dex 13      Spells:  3 memorised,  1 level left

rFire  . . .     SeeInvis +     a - +1 dagger
rCold  . . .     Clarity  .     e - +1 leather armour {rPois}
rNeg   . . .     rCorr    .     (no shield)
rPois  +         rRot     .     q - +0 hat
rElec  .         Spirit   .     (no cloak)
SustAb .         Warding  .     (no gloves)
rMut   .         Stasis   .     (no barding)
Gourm  .                        (no amulet)
MR     .....                    (no ring)
                                (no ring)

@: flying, very slightly contaminated, very slow, not resistant to hostile
enchantments, fairly stealthy
A: spit poison, see invisible, deformed body, poison resistance, slowness 2, AC
+1
a: Spit Poison


You were on level 2 of the Dungeon.
You were not hungry.

You visited 1 branch of the dungeon, and saw 2 of its levels.

You collected 94 gold pieces.

Inventory:

Hand weapons
 a - a +1 dagger (weapon)
 l - a +0 dagger
Armour
 b - a +1 robe
 e - a +1 leather armour of poison resistance (worn)
 q - a +0 hat (worn)
Comestibles
 d - a bread ration
Scrolls
 f - a scroll of remove curse
 h - 2 scrolls of enchant weapon
Potions
 i - a potion of flight
 j - a potion of degeneration {unknown}
 n - a potion of heal wounds {unknown}
Books
 c - a book of Maledictions

   Spells                             Type                      Level
   *Corona                            Hexes                        1
   Sure Blade                         Hexes/Charms                 2
   Ensorcelled Hibernation            Hexes/Ice                    2
   *Confuse                           Hexes                        3
   *Dazzling Spray                    Conjuration/Hexes            3
   Enslavement                        Hexes                        4
Magical staves
 m - an uncursed staff of earth


   Skills:
 - Level 1.0 Short Blades
 + Level 1.0 Armour
 + Level 2.1 Dodging
 - Level 4.4 Stealth
 + Level 2.5 Spellcasting
 + Level 0.2 Conjurations
 + Level 3.9 Hexes


You had one spell level left.
You knew the following spells:

 Your Spells              Type           Power        Failure   Level  Hunger
a - Corona                Hex            ##.....      4%          1    #......
b - Dazzling Spray        Conj/Hex       #.......     30%         3    ####...
c - Confuse               Hex            ##......     14%         3    ####...


Dungeon Overview and Level Annotations

Branches:
Dungeon (2/15)

Altars:

Annotations:
D:2 Crazy Yiuf


Innate Abilities, Weirdness & Mutations

You cannot wear boots.
You can spit poison.
Your serpentine skin is tough (AC +1).
You have supernaturally acute eyesight.
Armour fits poorly on your strangely shaped body.
Your system is resistant to poisons.
You cover ground very slowly.


Message History

The splash of poison hits Crazy Yiuf.
Crazy Yiuf appears unharmed.
You feel slightly more hungry.
You open the door.
There is an open door here.
Drink which item? (? for menu, Esc to quit)
You feel very buoyant.
You fly up into the air.
It was a potion of flight.
Crazy Yiuf hits you with a quarterstaff of chaos.
Crazy Yiuf freezes you.
Read which item? (? for menu, Esc to quit)
As you read the scroll labeled MNUOGR ICWAEG, it crumbles to dust.
You feel aware of your surroundings.
It was a scroll of magic mapping.
Crazy Yiuf hits you with a quarterstaff of chaos!
* * * LOW HITPOINT WARNING * * *
Read which item? (? for menu, Esc to quit)
As you read the scroll labeled MEURYLOTON, it crumbles to dust.
The scroll dissolves into smoke.
It was a scroll of fog.
You have got your breath back.
Crazy Yiuf hits you with a quarterstaff of chaos!
You die...

### ### ### ### #.# #)# #.# #.#
#.# #.#######.########.# #.#
#..................#
#(###.#######..#######.# #.....#
#..# #.### #(##### ####..####
#....
###.########§§....(.########
####'.......§g@§§......+.......
##P...#.########§§......########
##P#...(.# #§§..............
#.PP...##########................
.#..g..........##................
######......##.##................
#......##.######'###........
######................# #........
................####### #........


You could see Crazy Yiuf.

Vanquished Creatures
  Terence (D:2)
  2 adders (D:2)
  A worm (D:2)
  A giant gecko (D:1)
  An ooze (D:2)
  A ball python (D:2)
  A giant cockroach (D:1)
  7 goblins
  8 hobgoblins
  5 bats
  2 giant newts
  2 kobolds
  3 rats
  A fungus (D:2)
36 creatures vanquished.

Notes
Turn   | Place    | Note
--------------------------------------------------------------
     0 | D:1      | Kashira, the Naga Enchanter, began the quest for the Orb.
     0 | D:1      | Reached XP level 1. HP: 15/15 MP: 3/3
   289 | D:1      | Reached XP level 2. HP: 22/22 MP: 4/4
   879 | D:2      | Noticed Terence
   892 | D:2      | Killed Terence
   892 | D:2      | Reached XP level 3. HP: 12/28 MP: 4/6
  1140 | D:2      | Learned a level 3 spell: Dazzling Spray
  1573 | D:2      | Reached XP level 4. HP: 36/36 MP: 8/8
  1579 | D:2      | Learned a level 3 spell: Confuse
  1722 | D:2      | Reached skill level 1 in Armour
  2167 | D:2      | Noticed Crazy Yiuf
  2205 | D:2      | Slain by Crazy Yiuf

Action                   |  1- 3 |  4- 6 || total
-------------------------+-------+-------++-------
Melee: Dagger            |    40 |    39 ||    79
 Cast: Corona            |     6 |       ||     6
       Dazzling Spray    |     3 |     1 ||     4
       Confuse           |       |     1 ||     1
 Abil: Spit Poison       |    29 |    11 ||    40
  Use: Scroll            |     3 |     3 ||     6
       Potion            |       |     1 ||     1
 Stab: Sleeping          |     3 |       ||     3
  Eat: Chunk             |     4 |     1 ||     5
       Bread ration      |       |     1 ||     1
